 Dungeon Sprint DCSS version 0.19.1-1-g22dce08 (webtiles) character file.

1277 snakesoliden the Executioner (level 8, 0/64 HPs)
             Began as a Hill Orc Berserker on Dec 29, 2016.
             Was an Elder of Trog.
             Slain by Sonja
             ... wielding a +1 dagger of venom
              (4 damage)
             ... in the Dungeon (Sprint I: "Red Sonja").
             The game lasted 00:03:56 (1442 turns).

snakesoliden the Executioner (Hill Orc Berserker)   Turns: 1442, Time: 00:03:56

Health: 0/64       AC:  3    Str: 22    XL:     8   Next: 54%
Magic:  8/8        EV: 12    Int:  7    God:    Trog [****..]
Gold:   448        SH:  0    Dex: 10    Spells: 0 memorised, 7 levels left

rFire  + . .     SeeInvis .     a - +0 hand axe
rCold  . . .     Gourm    .     c - +1 robe {rF+}
rNeg   . . .     Faith    .     (no shield)
rPois  .         Spirit   .     (no helmet)
rElec  .         Reflect  .     (no cloak)
rCorr  .         Harm     .     (no gloves)
MR     .....     NoTele   +     (no boots)
Stlth  +.........               (no amulet)
                                (no ring)
                                (no ring)

@: lethally poisoned (0 -> -32), exhausted, slowed, very slow
A: no striking features
a: Berserk, Trog's Hand, Brothers in Arms, Burn Spellbooks, Renounce Religion


You were in the Dungeon.
You worshipped Trog.
Trog was greatly pleased with you.
You were hungry.

You visited 1 branch You collected 448 gold pieces.

Inventory:

Hand Weapons
 a - a +0 hand axe (weapon)
Armour
 b - a +0 animal skin
 c - a +1 robe of fire resistance (worn)
Scrolls
 i - a scroll of blinking
Potions
 f - a potion of haste
 g - 2 potions of magic
 h - a potion of berserk rage


   Skills:
 - Level 3.6 Fighting
 * Level 21.4 Axes
 - Level 2.1 Armour
 - Level 1.5 Dodging


You had 7 spell levels left.
You didn't know any spells.

Dungeon Overview and Level Annotations

Branches:
Dungeon (1/1)

Altars:
Cheibriados
Dithmenos
Elyvilon
Fedhas
Gozag
Hepliaklqana
Kikubaaqudgha
Makhleb
Nemelex Xobeh
Okawaru
Qazlal
Ru
Sif Muna
Trog
Uskayaw
Vehumet
Xom
Yredelemnul
Zin
The Shining One
Jiyva
Lugonu

Shops:
D (

Annotations:
D Sonja


Message History

Sonja misses you.
Sonja hits you with an uncursed dagger of venom.
* * * LOW HITPOINT WARNING * * *
Sonja hits you but does no damage.
You are lethally poisoned!
Sonja hits you but does no damage.
You are more poisoned.
Sonja barely misses you.
You're too exhausted to go berserk.
You're too exhausted to go berserk.
You closely miss Sonja.
Sonja is heavily wounded.
* * * LOW HITPOINT WARNING * * *
You feel sick. Sonja misses you. Sonja hits you but does no damage.
You are more poisoned.
Sonja hits you but does no damage.
You are more poisoned.
Sonja completely misses you. Sonja misses you.
Sonja hits you with an uncursed dagger of venom.
You die...

#..#####'#####'#__####...+
#..####..#...#.#### #####
#..#__####.(##.#
#..#_____##'#..+
#⌠⌠#_.∩...'..._#
####_..__##_.#'#
#_____###(#.#
#########(###


+$@$+ #K.$# ##.## #+# You could see Sonja.

Vanquished Creatures
  2 kobold demonologists (D)
  A slime creature (D)
  Sigmund (D)
  A yak (D)
  A floating eye (D)
  An ogre (D)
  A jelly (D)
  Ijyb (D)
9 creatures vanquished.

Vanquished Creatures (others)
  3 hornets (D)
3 creatures vanquished.

Grand Total: 12 creatures vanquished

Notes
Turn   | Place    | Note
-------+----------+-------------------------------------------
     0 | D        | snakesoliden the Hill Orc Berserker began the quest for the Orb.
     0 | D        | Reached XP level 1. HP: 19/19 MP: 1/1
     2 | D        | Noticed Ijyb
    12 | D        | Killed Ijyb
    12 | D        | Reached skill level 8 in Axes
    12 | D        | Reached XP level 2. HP: 14/26 MP: 2/2
    12 | D        | Reached XP level 3. HP: 17/31 MP: 3/3
   247 | D        | Noticed an ogre
   257 | D        | Killed an ogre
   257 | D        | Reached skill level 12 in Axes
   257 | D        | Reached XP level 4. HP: 39/39 MP: 4/4
   367 | D        | Noticed Sigmund
   378 | D        | Killed Sigmund
   378 | D        | Reached ** piety under Trog
   378 | D        | Reached skill level 15 in Axes
   378 | D        | Reached XP level 5. HP: 45/45 MP: 5/5
   378 | D        | Reached XP level 6. HP: 51/51 MP: 6/6
   540 | D        | Found a burning altar of Makhleb.
   540 | D        | Found a viscous altar of Jiyva.
   540 | D        | Found a shimmering altar of Xom.
   540 | D        | Found a corrupted altar of Lugonu.
   540 | D        | Noticed a slime creature
   558 | D        | Killed a slime creature
   558 | D        | Reached skill level 17 in Axes
   558 | D        | Reached XP level 7. HP: 11/57 MP: 7/7
   811 | D        | Noticed a kobold demonologist
   836 | D        | Noticed a kobold demonologist
   840 | D        | Paralysed by a floating eye for 2 turns
   847 | D        | Paralysed by a floating eye for 3 turns
   849 | D        | Noticed an orange demon
   850 | D        | Noticed an orange demon
   851 | D        | Killed a kobold demonologist
   851 | D        | Reached *** piety under Trog
   851 | D        | Reached skill level 19 in Axes
   851 | D        | Killed a kobold demonologist
   851 | D        | Reached skill level 20 in Axes
   851 | D        | Reached XP level 8. HP: 56/64 MP: 8/8
  1064 | D        | Killed a hornet
  1073 | D        | Killed a hornet
  1221 | D        | Found a deep blue altar of Sif Muna.
  1223 | D        | Found a radiant altar of Vehumet.
  1258 | D        | Found Odaxtiph's Weapon Emporium.
  1258 | D        | Found an ancient bone altar of Kikubaaqudgha.
  1258 | D        | Found a hazy altar of Hepliaklqana.
  1258 | D        | Found a stormy altar of Qazlal.
  1258 | D        | Found a hide-covered altar of Uskayaw.
  1258 | D        | Found a blossoming altar of Fedhas.
  1258 | D        | Found a bloodstained altar of Trog.
  1258 | D        | Found an iron altar of Okawaru.
  1258 | D        | Found a basalt altar of Yredelemnul.
  1258 | D        | Found a glowing golden altar of the Shining One.
  1258 | D        | Found a snail-covered altar of Cheibriados.
  1258 | D        | Found a sacrificial altar of Ru.
  1258 | D        | Found a glowing silver altar of Zin.
  1258 | D        | Found a shadowy altar of Dithmenos.
  1258 | D        | Found a white marble altar of Elyvilon.
  1258 | D        | Noticed a yak
  1274 | D        | Killed a yak
  1274 | D        | Reached **** piety under Trog
  1274 | D        | Reached skill level 21 in Axes
  1275 | D        | Found an opulent altar of Gozag.
  1276 | D        | Found a sparkling altar of Nemelex Xobeh.
  1282 | D        | Killed a hornet
  1430 | D        | Noticed Sonja
  1440 | D        | HP: 3/64 [Sonja/uncursed dagger of venom (6)]
  1442 | D        | Slain by Sonja

Skill      XL: |  1  2  3  4  5  6  7  8 |
---------------+-------------------------+-----
Axes           | 8 12 15 17 20 21 | 21.4
Fighting       | |  3.6
Armour         | |  2.1
Dodging        | |  1.5

Action                   |  1- 3 |  4- 6 |  7- 9 || total
-------------------------+-------+-------+-------++-------
Melee: Hand axe          |    20 |    26 |    36 ||    82
Invok: Berserk           |       |     1 |     3 ||     4
  Use: Potion            |       |       |     2 ||     2
  Eat: Bread ration      |       |       |     1 ||     1
Armor: Animal skin       |     1 |     1 |     1 ||     3
       Robe              |       |       |     4 ||     4
Dodge: Dodged            |    10 |     5 |    24 ||    39
